 Dungeon Crawl Stone Soup version 0.15-a0-2352-g26abbdd (webtiles) character file.

128 Chiseanne the Magician (level 4, 0/24 HPs)
             Began as a Deep Elf Wizard on July 31, 2014.
             Killed from afar by an orc wizard (8 damage)
             ... with a magic dart
             ... on Level 3 of the Dungeon.
             The game lasted 00:07:12 (2650 turns).

Chiseanne the Magician (Deep Elf Wizard)            Turns: 2650, Time: 00:07:13

HP   0/24        AC  3     Str  4      XL: 4   Next: 86%
MP  12/18        EV 12     Int 24      God:
Gold 96          SH  0     Dex 13      Spells:  5 memorised,  5 levels left

rFire  + . .     SeeInvis .     i - +4 dagger (venom)
rCold  . . .     Clarity  .     r - +1 robe {rF+}
rNeg   . . .     rCorr    .     (no shield)
rPois  .         rRot     .     b - +0 hat
rElec  .         Spirit   .     (no cloak)
SustAb .         Warding  .     (no gloves)
rMut   .         Stasis   .     (no boots)
Gourm  .                        (no amulet)
MR     .....                    (no ring)
                                j - ring of flight

@: repel missiles, not resistant to hostile enchantments, unstealthy
A: no striking features
a: Evoke Flight


You were on level 3 of the Dungeon.
You were not hungry.

You visited 1 branch of the dungeon, and saw 3 of its levels.

You collected 96 gold pieces.

Inventory:

Hand weapons
 h - a +1 dagger of holy wrath
 i - a +4 dagger of venom (weapon)
 l - a +2 short sword of venom
Missiles
 f - 15 poisoned needles
Armour
 b - a +0 hat (worn)
 k - a +2 shield
 r - a +1 robe of fire resistance (worn)
Comestibles
 a - a meat ration
 d - 4 bread rations
 g - 3 fruits
Scrolls
 e - a scroll of magic mapping
Jewellery
 j - a ring of flight (left hand)
Potions
 m - a potion of confusion {unknown}
 n - a potion of heal wounds {unknown}
 o - a potion of cancellation {unknown}
Books
 c - a book of Minor Magic

   Spells                             Type                      Level
   *Magic Dart                        Conjuration                  1
   *Blink                             Translocation                2
   Call Imp                           Summoning                    2
   *Repel Missiles                    Charms/Air                   2
   Slow                               Hexes                        2
   *Conjure Flame                     Conjuration/Fire             3
   *Mephitic Cloud                    Conjuration/Poison/Air       3


   Skills:
 - Level 2.4 Dodging
 - Level 2.4 Stealth
 * Level 6.8 Spellcasting
 * Level 2.9 Conjurations
   Level 1.1 Summonings
 - Level 1.1 Translocations


You had 5 spell levels left.
You knew the following spells:

 Your Spells              Type           Power        Failure   Level  Hunger
a - Magic Dart            Conj           ###.         1%          1    None
b - Conjure Flame         Conj/Fire      ###.....     14%         3    None
c - Mephitic Cloud        Conj/Pois/Air  ##......     17%         3    None
d - Blink                 Tloc           N/A          10%         2    None
e - Repel Missiles        Chrm/Air       #.....       12%         2    None


Dungeon Overview and Level Annotations

Branches:
Dungeon (3/15)

Altars:
Elyvilon


Message History

The orc wizard hits you but does no damage.
The orc priest calls upon Beogh to heal the orc wizard.
The orc wizard is healed somewhat.
The orc wizard barely misses you.
You barely miss the orc wizard.
The orc wizard is heavily wounded.
The orc wizard completely misses you.
You closely miss the orc wizard.
The orc wizard is heavily wounded.
The orc wizard barely misses you. x2
You closely miss the orc wizard.
The orc wizard is heavily wounded.
The orc wizard gestures at you while chanting.
The magic dart hits you!
* * * LOW HITPOINT WARNING * * *
You closely miss the orc wizard.
The orc wizard is heavily wounded.
The orc wizard casts a spell at you. The magic dart hits you!
You die...

.... #o.......#
....#########
#o.........
............#
#.....(....
............#
#)...####..
............# #...o#
............# #....#
...........%# #....#
............######....#
....#'####......@oo...#
#####.#################
#...............#
###############.#
#......#.# #.#<.#.#.#
#.#.##.#.# #.#....#.#
#.######)#


You could see an orc priest, an orc wizard and an orc.

Vanquished Creatures
  Sigmund (D:2)
  4 adders
  2 worms (D:2)
  2 orcs (D:3)
  2 giant cockroaches (D:2)
  6 goblins
  12 hobgoblins
  4 jackals (D:1)
  5 bats (D:2)
  4 giant geckos
  A giant newt (D:1)
  8 kobolds
  5 rats
56 creatures vanquished.

Notes
Turn   | Place    | Note
--------------------------------------------------------------
     0 | D:1      | Chiseanne, the Deep Elf Wizard, began the quest for the Orb.
     0 | D:1      | Reached XP level 1. HP: 10/10 MP: 6/6
     0 | D:1      | Found a white marble altar of Elyvilon.
   253 | D:1      | Reached skill level 5 in Spellcasting
   312 | D:1      | Reached XP level 2. HP: 15/15 MP: 8/11
   951 | D:2      | Reached XP level 3. HP: 17/19 MP: 11/14
   960 | D:2      | Noticed Sigmund
  1509 | D:2      | Reached skill level 6 in Spellcasting
  1599 | D:2      | Reached XP level 4. HP: 21/24 MP: 18/18
  1659 | D:2      | Learned a level 3 spell: Conjure Flame
  1663 | D:2      | Learned a level 3 spell: Mephitic Cloud
  1666 | D:2      | Learned a level 2 spell: Blink
  1669 | D:2      | Learned a level 2 spell: Repel Missiles
  2225 | D:2      | Killed Sigmund
  2650 | D:3      | Killed from afar by an orc wizard

Action                   |  1- 3 |  4- 6 || total
-------------------------+-------+-------++-------
Melee: Dagger            |    18 |    19 ||    37
 Cast: Magic Dart        |    70 |    32 ||   102
       Conjure Flame     |       |     2 ||     2
       Mephitic Cloud    |       |     2 ||     2
       Repel Missiles    |       |     1 ||     1
  Use: Scroll            |     4 |     2 ||     6
 Stab: Sleeping          |     1 |       ||     1
  Eat: Chunk             |     2 |     3 ||     5
